 Dungeon Crawl Stone Soup version 0.30.0 (webtiles) character file.

Game seed: 615159744536964472

1997 Dani the Cleaver (level 9, 22/64 HPs)
             Began as a Demonspawn Fighter on May 20, 2023.
             Quit the game in a bailey.
             The game lasted 00:12:28 (5690 turns).

Dani the Cleaver (Demonspawn Fighter)               Turns: 5690, Time: 00:12:29

Health: 22/64      AC:  8    Str: 16    XL:     9   Next: 2%
Magic:  9/9        EV:  8    Int: 15    God:
Gold:   106        SH:  7    Dex: 12    Spells: 8/8 levels left

rFire   . . .        a - +2 war axe
rCold   . . .        k - +3 warlock's mirror {omnireflect}
rNeg    . . .        b - +1 scale mail
rPois   .            (no helmet)
rElec   .            (no cloak)
rCorr   .            (no gloves)
SInv    .            (no boots)
Will    +....        (no amulet) Stlth
                     v - ring of willpower
HPRegen 0.30/turn    (no ring)
MPRegen 0.11/turn

%: reflection
@: no status effects
A: hooves 2, rugged brown scales 1, ignite blood 2
a: no special abilities


You were in a bailey.
You visited 1 branch of the dungeon, and saw 9 of its levels.
You also visited: Bailey.

You collected 242 gold pieces.
You spent 136 gold pieces at shops.

Inventory:

Hand Weapons
 a - a +2 war axe (weapon)
Missiles
 l - 3 datura-tipped darts (quivered)
 o - 7 poisoned darts
Armour
 b - a +1 scale mail (worn)
 c - a +0 buckler
 k - the +3 warlock's mirror (worn) {omnireflect}
   (You acquired it on level 2 of the Dungeon)

   Omnireflect: It can block and reflect piercing ranged attacks and magical
   attacks against the wielder's willpower.
 u - +0 steam dragon scales
   (You found it on level 8 of the Dungeon)
Jewellery
 f - a +6 ring of intelligence
   (You found it on level 2 of the Dungeon)
 r - a ring of ice
   (You found it on level 4 of the Dungeon)
 v - a ring of willpower (left hand)
   (You found it on level 8 of the Dungeon)
Wands
 s - a wand of polymorph (15)
   (You found it on level 8 of the Dungeon)
Scrolls
 m - 3 scrolls of poison
 B - a scroll of blinking
 T - 4 scrolls of teleportation
Potions
 d - a potion of might
 e - 2 potions of magic
 g - a potion of ambrosia
 h - a potion of lignification
 i - a potion of brilliance
 j - 2 potions of heal wounds
 n - a potion of resistance
 p - a potion of attraction {unknown}
 q - a potion of flight {unknown}
 t - 3 potions of mutation {unknown}
 y - a potion of degeneration
 H - a potion of haste
 Q - 3 potions of curing {@q1}


   Skills:
 - Level 3.0 Fighting
 + Level 11.0 Axes
 - Level 2.6 Armour
 - Level 2.6 Shields


You had 8 spell levels left.
You didn't know any spells.
Your spell library contained the following spells:

 Spells                   Type           Power      Damage    Failure   Level
 Blink                    Tloc           0%         N/A       88%         2
 Cigotuvi's Dreadful Rot  Necr/Pois/Air  0%         N/A       88%         2
 Lesser Beckoning         Tloc           0%         N/A       88%         2
 Momentum Strike          Conj/Tloc      0%         3d8       88%         2
 Portal Projectile        Hex/Tloc       0%         N/A       98%         3
 Tukima's Dance           Hex            0%         N/A       98%         3
 Dispel Undead            Necr           0%         3d6       100%        4
 Blade Hands              Tmut           0%         N/A       100%        5
 Death Channel            Necr           0%         N/A       100%        6


Dungeon Overview and Level Annotations

Branches:
Dungeon (9/15)             Bailey (1/1)
 Temple: D:4-7         Lair: D:8-11         Orc: D:9-12

Altars:
Fedhas
Ru

Shops:
D:4 ?   D:5 ((:

Annotations:
D:8 2 runed translucent doors, Caerwyn's ghost, novice KoEn


Innate Abilities, Weirdness & Mutations

You have hoof-like feet.
You are partially covered in rugged brown scales. (AC +1, +3% HP)
Your demonic aura often causes spilled blood to erupt in flames.


Message History

HP restored.
You see here a boomerang.
An orc comes into view. It is wielding a +0 hand axe.
Found a gate leading back out of this place.
The orc shouts!
A kobold comes into view.
There is an open door here.
There are monsters nearby!
Unknown command.
The kobold shouts!
The kobold throws a boomerang.
You block the boomerang with your +3 warlock's mirror {omnireflect}... and reflect it back!
The boomerang closely misses the kobold.
An orc warrior comes into view. It is wielding a +0 war axe.
The orc warrior shouts!
An orc warrior comes into view. It is wielding a +0 war axe.
The kobold throws a boomerang.
You block the boomerang with your +3 warlock's mirror {omnireflect}... and reflect it back!
The boomerang hits the kobold.
There is an open door here.
You closely miss the orc.
The orc splashes around in the water.
The kobold throws a boomerang.
The boomerang hits you but does no damage.
You hit the orc. Your kick misses the orc.
The orc is moderately wounded.
The orc hits you but does no damage.
You hit the orc.
The orc is severely wounded.
The orc hits you with a +0 hand axe.
The kobold throws a boomerang.
The boomerang hits you but does no damage.
You barely miss the orc.
The orc is severely wounded.
You block the orc's attack.
The kobold throws a boomerang.
The boomerang hits you. The kobold hits you but does no damage.
There is an open door, spattered with blood here.
You barely miss the orc warrior. You kick the orc warrior.
The orc warrior is lightly wounded.
You hit the kobold.
A gnoll comes into view. It is wielding a +0 hand axe.
The kobold hits you but does no damage.
You miss the kobold.
The gnoll shouts!
You kick the kobold, but do no damage.
The kobold is severely wounded.
You slash the orc warrior! The kobold closely misses you.
You completely miss the kobold. You kick the kobold, but do no damage.
The kobold is severely wounded.
You miss the orc warrior.
The orc warrior splashes around in the water.
The kobold closely misses you.
A kobold comes into view.
You barely miss the kobold.
The kobold is severely wounded.
You hit the orc warrior. You block the orc warrior's attack.
The kobold barely misses you.
You hit the kobold.
You kill the kobold!
You hit the orc warrior but do no damage.
The orc warrior hits you but does no damage.
The orc warrior hits you with a +0 war axe.
You barely miss the orc warrior.
The orc warrior is heavily wounded.
You hit the orc warrior but do no damage.
You kick the orc warrior.
The orc warrior is heavily wounded.
The orc warrior closely misses you.
You hit the orc warrior. Your kick misses the orc warrior.
The orc warrior is severely wounded.
You hit the orc warrior.
The orc warrior hits you with a +0 war axe.
You block the orc warrior's attack.
You hit the orc warrior.
The orc warrior is severely wounded.
You closely miss the orc warrior.
The orc warrior suddenly complains, as Orcs often do.
The orc warrior hits you with a +0 war axe! x2
* * * LOW HITPOINT WARNING * * *
You hit the orc warrior but do no damage.
The orc warrior is severely wounded.
You hit the orc warrior.
The orc warrior is engulfed in blazing flames.
The orc warrior hits you with a +0 war axe!
* * * LOW HITPOINT WARNING * * *
The orc warrior completely misses you.
You are too injured to fight recklessly!
You closely miss the orc warrior.
The orc warrior is severely wounded.
You hit the orc warrior.
The orc warrior is engulfed in blazing flames.
You kill the orc warrior!
You slash the orc warrior!
You kill the orc warrior!
Your Axes skill increases to level 11!
You have reached level 9!
Your experience leads to an increase in your attributes!
Increase (S)trength, (I)ntelligence, or (D)exterity?
You feel clever. x2; Your demonic ancestry asserts itself...
Rugged brown scales grow over part of your body.
Are you sure you want to abandon this character and quit the game? (Confirm with "yes".)

... ##..)..##.....##
.8...##)('##...8...##
.......((...........##
.....................#
.8.........(...8..8..#
.....................#
...####...####......##
..# ~~#####~ ##.○..##♣
.. ~=!8..o8?: #○@.##.♣
#~.........~#○###..♣♣
#~..8...8..~#g~o~...♣
....... #K~~~...♣
#.~~~...∩ #.~~~...♣
#.~~~...♣ #'###..♣♣
... #.♣


You could see a gnoll and a kobold.

Vanquished Creatures
  A steam dragon (D:8)
  Duvessa (D:6)
  3 orc warriors (Bailey)
  2 black bears (D:5)
  2 sky beasts
  A centaur (D:6)
  A kobold brigand (D:9)
  A phantom (D:5)
  A bullfrog (D:8)
  A scorpion (D:5)
  3 wights (D:8)
  Dowan (D:6)
  A howler monkey (D:8)
  A gnoll bouda (D:5)
  A hound (D:5)
  2 iguanas (D:5)
  2 sleepcaps
  6 orc wizards
  8 gnolls
  4 adders
  A shadow imp (D:6)
  A white imp (D:5)
  3 worms
  A dart slug (D:4)
  15 orcs
  2 ball pythons (D:1)
  6 endoplasms
  6 giant cockroaches
  5 goblins
  4 hobgoblins
  2 jackals (D:1)
  19 kobolds
  A quokka (D:1)
  6 bats
  4 frilled lizards
  5 rats
124 creatures vanquished.

Vanquished Creatures (others)
  A plant (D:4)
1 creature vanquished.

Grand Total: 125 creatures vanquished

Notes
Turn   | Place    | Note
-------+----------+-------------------------------------------
     0 | D:1      | Dani the Demonspawn Fighter began the quest for the Orb.
     0 | D:1      | Reached XP level 1. HP: 18/18 MP: 1/1
    24 | D:1      | Reached skill level 2 in Axes
    24 | D:1      | Gained mutation: You have large cloven feet. [demonic
                  | ancestry]
    24 | D:1      | Reached XP level 2. HP: 9/24 MP: 2/2
   202 | D:1      | Reached skill level 3 in Axes
   306 | D:1      | Reached XP level 3. HP: 26/29 MP: 3/3
  1229 | D:2      | Identified a scroll of acquirement
  1229 | D:2      | Acquired the +3 warlock's mirror {omnireflect}
  1229 | D:2      | Found the +3 warlock's mirror {omnireflect}
  1232 | D:2      | Reached skill level 4 in Axes
  1232 | D:2      | Gained mutation: Your demonic aura sometimes causes spilled
                  | blood to erupt in flames. [demonic ancestry]
  1232 | D:2      | Reached XP level 4. HP: 35/35 MP: 4/4
  1983 | D:3      | Found a blossoming altar of Fedhas.
  2345 | D:4      | Found Gonuumae's Magic Scroll Shop.
  2357 | D:4      | Bought a scroll of blinking for 97 gold pieces
  2507 | D:4      | Bought a scroll of teleportation for 39 gold pieces
  2704 | D:5      | Entered Level 5 of the Dungeon
  2730 | D:5      | Noticed a scorpion
  2737 | D:5      | Killed a scorpion
  2738 | D:5      | Gained mutation: You have hoof-like feet. [demonic
                  | ancestry]
  2738 | D:5      | Reached XP level 5. HP: 30/41 MP: 5/5
  2813 | D:5      | Reached skill level 5 in Axes
  2839 | D:5      | Found Ganyil's Book Emporium.
  2879 | D:5      | Noticed a black bear
  2882 | D:5      | Found Edwuor's Weapon Boutique.
  2890 | D:5      | Killed a black bear
  2891 | D:5      | Reached XP level 6. HP: 16/47 MP: 6/6
  2895 | D:5      | HP: 10/47 [orc/+0 war axe (7)]
  2911 | D:4      | Reached skill level 6 in Axes
  3190 | D:5      | HP: 10/47 [sleepcap (3)]
  3504 | D:5      | Found a sacrificial altar of Ru.
  3653 | D:5      | Reached skill level 7 in Axes
  3653 | D:5      | Reached XP level 7. HP: 52/52 MP: 7/7
  3876 | D:5      | Found Efauwih's Weapon Shoppe.
  4156 | D:6      | Noticed Duvessa
  4156 | D:6      | Noticed Dowan
  4274 | D:5      | Reached skill level 8 in Axes
  4408 | D:6      | Killed Duvessa
  4417 | D:6      | Killed Dowan
  4632 | D:6      | Gained mutation: Your demonic aura often causes spilled
                  | blood to erupt in flames. [demonic ancestry]
  4632 | D:6      | Reached XP level 8. HP: 28/58 MP: 8/8
  4766 | D:6      | You fall into a shaft and drop 3 floors!
  4791 | D:9      | Reached skill level 9 in Axes
  5144 | D:8      | Reached skill level 10 in Axes
  5437 | D:8      | Found a large runed translucent door.
  5437 | D:8      | Found a large runed translucent door.
  5439 | D:8      | Noticed Caerwyn's ghost (novice KoEn)
  5527 | D:7      | Found a flagged portal.
  5539 | Bailey   | Entered a bailey
  5544 | Bailey   | Noticed an orc warlord
  5690 | Bailey   | Reached skill level 11 in Axes
  5690 | Bailey   | Gained mutation: You are partially covered in rugged brown
                  | scales. (AC +1, +3% HP) [demonic ancestry]
  5690 | Bailey   | Reached XP level 9. HP: 22/64 MP: 9/9
  5690 | Bailey   | Quit the game

Illustrated notes

Levels and vault maps discovered:
D:1:      minmay_arrival_three_doors, layout_basic, kennysheep_crisscross
D:2:      layout_basic, chequers_serial_rivers_micro_a,
          kennysheep_generic_room_9
D:3:      layout_loops_ring, mainiacjoe_overflow_brackets
D:4:      layout_rooms, serial_shops, shop, serial_bayou_lake_a
D:5:      layout_loops_ring, nicolae_overflow_squiral, serial_shops,
          nicolae_shop_bloodbath_and_beyond,
          nicolae_shop_competitors_out_of_business, shop
D:6:      layout_cave_pools, lemuel_zombie_altar_kikubaaqudgha,
          nicolae_overflow_hidden_temple, uniq_duvessa
D:7:      layout_cave_pods, nicolae_ashenzari_skybound,
          minmay_temple_entry_waves, enter_bailey_2
D:8:      layout_cave_pools, ebering_ghost_disaster_area,
          nicolae_shop_firing_range
D:9:      layout_gridville, minmay_ruined_shrine, uniq_pikel
Bailey:   bailey_axe_bossmonster_kennysheep, bailey

Skill      XL: |  1  2  3  4  5  6  7  8 |
---------------+-------------------------+-----
Axes           | 2 3 4 5 7 8 11 | 11.0
Fighting       | |  3.0
Armour         | |  2.6
Shields        | |  2.6

Action                     |  1- 3 |  4- 6 |  7- 9 || total
---------------------------+-------+-------+-------++-------
  Melee: War axe           |    95 |    89 |   162 ||   346
         Kick              |    13 |    21 |    40 ||    74
  Throw: Dart              |       |     3 |     3 ||     6
    Use: Scroll            |     7 |    10 |     4 ||    21
         Potion            |       |     1 |     1 ||     2
 Armour: Scale mail        |    50 |    40 |    59 ||   149
  Dodge: Dodged            |    36 |    26 |    49 ||   111
  Block: Buckler           |    24 |    31 |    53 ||   108
         Reflection        |       |     2 |    12 ||    14

Levels and vault maps discovered:
D:1:      minmay_arrival_three_doors, layout_basic, kennysheep_crisscross
D:2:      layout_basic, chequers_serial_rivers_micro_a,
          kennysheep_generic_room_9
D:3:      layout_loops_ring, mainiacjoe_overflow_brackets
D:4:      layout_rooms, serial_shops, shop, serial_bayou_lake_a
D:5:      layout_loops_ring, nicolae_overflow_squiral, serial_shops,
          nicolae_shop_bloodbath_and_beyond,
          nicolae_shop_competitors_out_of_business, shop
D:6:      layout_cave_pools, lemuel_zombie_altar_kikubaaqudgha,
          nicolae_overflow_hidden_temple, uniq_duvessa
D:7:      layout_cave_pods, nicolae_ashenzari_skybound,
          minmay_temple_entry_waves, enter_bailey_2
D:8:      layout_cave_pools, ebering_ghost_disaster_area,
          nicolae_shop_firing_range
D:9:      layout_gridville, minmay_ruined_shrine, uniq_pikel
Bailey:   bailey_axe_bossmonster_kennysheep, bailey

Table legend: (Time is in decaauts)
 A = Elapsed time spent in this place.
 B = Non-inter-level travel time spent in this place.
 C = Inter-level travel time spent in this place.
 D = Time resting spent in this place.
 E = Time spent auto-exploring this place.
 F = Levels seen in this place.
 G = Mean time per level.
                   A        B        C        D        E       F      G
               +--------+--------+--------+--------+--------+-----+--------+
         Total |   5810 |   5563 |    247 |    311 |   4158 |  10 |  581.0 |
       Dungeon |   5659 |   5412 |    247 |    311 |   4062 |   9 |  628.8 |
        Bailey |    150 |    150 |      0 |      0 |     96 |   1 |  150.0 |
               +--------+--------+--------+--------+--------+-----+--------+

Top non-repeatable levels by time:
     D:5: 1656 daAuts
     D:1: 833 daAuts
     D:4: 753 daAuts
     D:3: 749 daAuts
     D:2: 670 daAuts
     D:8: 646 daAuts
     D:6: 221 daAuts
  Bailey: 150 daAuts
     D:7: 68 daAuts
     D:9: 59 daAuts

Table legend:
 A = Kills in this place as a percentage of kills in the entire game.
 B = Kills by you in this place as a percentage of kills by you in the entire game.
 C = Kills by friends in this place as a percentage of kills by friends in the entire game.
 D = Other kills in this place as a percentage of other kills in the entire game.
 E = Experience gained in this place as a percentage of experience gained in the entire game.
 F = Experience gained in this place divided by the number of levels of this place that you have seen.
                   A       B       C       D       E      F
               +-------+-------+-------+-------+-------+----------------------
         Total | 100.0 | 100.0 |   N/A |   N/A | 100.0 | 285.4
       Dungeon |  90.3 |  90.3 |   N/A |   N/A |  85.3 | 270.6
        Bailey |   9.7 |   9.7 |   N/A |   N/A |  14.7 | 419.0
               +-------+-------+-------+-------+-------+----------------------
